 Dungeon Crawl Stone Soup version 0.31-a0-152-g6aa68a64a1 (webtiles) character file.

Game seed: 15626631416686189111

1748 qw the Skirmisher (level 9, -1/82 HPs)
             Began as a Naga Hunter on June 10, 2023.
             Was a Believer of Okawaru.
             Slain by an orc warrior
             ... wielding a +1 war axe of electrocution
              (11 damage)
             ... on level 6 of the Dungeon.
             The game lasted 00:01:39 (4759 turns).

qw the Skirmisher (Naga Hunter)                     Turns: 4759, Time: 00:01:39

Health: -1/82      AC:  7    Str: 20    XL:     9   Next: 6%
Magic:  10/12      EV: 16    Int:  9    God:    Okawaru [**....]
Gold:   299        SH:  5    Dex: 23    Spells: 8/8 levels left

rFire   . . .        Y - +2 shortbow (flame)
rCold   . . .        (shield currently unavailable)
rNeg    . . .        h - +0 robe of Nakhop {Str+6 Int-4 Dex+5}
rPois   +            d - +1 helmet {Int+3}
rElec   .            (no cloak)
rCorr   .            f - +0 pair of gloves
SInv    +            (no barding)
Will    +....        b - amulet of reflection
Stlth   ++++         (no ring)
HPRegen 0.33/turn    (no ring)
MPRegen 0.13/turn

%: reflection
@: short of breath, heroic, very slow
A: AC +3, large, see invisible, deformed body, poison resistance, slowness 2,
spit poison 1, naga tail 1
a: Spit Poison, Renounce Religion, Heroism


You were on level 6 of the Dungeon.
You worshipped Okawaru.
Okawaru was pleased with you.
You visited 1 branch of the dungeon, and saw 6 of its levels.

You collected 299 gold pieces.


Innate Abilities, Weirdness & Mutations

Your serpentine skin is tough. (AC +3)
You have supernaturally acute eyesight. (SInv)
Armour fits poorly on your strangely shaped body.
Your system is resistant to poisons. (rPois)
You cover ground very slowly.
You can spit poison.
You have a snake-like lower body.


   Skills:
 - Level 5.9(10.9) Fighting
 + Level 8.3(13.3) Ranged Weapons
 - Level 3.5(8.5) Dodging
 - Level 1.5(6.5) Stealth
 - Level 4.1 Invocations


You had 8 spell levels left.
You didn't know any spells.
Your spell library was empty.

Inventory:

Hand Weapons
 Y - a +2 shortbow of flaming (weapon)
Armour
 d - a +1 helmet of intelligence (worn)
 f - a +0 pair of gloves (worn)
 h - the +0 robe of Nakhop (worn) {Str+6 Int-4 Dex+5}
   (You found it on level 2 of the Dungeon)

   Str:       It affects your strength (+6).
   Int:       It affects your intelligence (-4).
   Dex:       It affects your dexterity (+5).
Jewellery
 b - an amulet of reflection (around neck)
 j - a ring of ice
Scrolls
 a - 2 scrolls of identify
 l - a scroll of noise {unknown}
 n - a scroll of enchant armour {unknown}
Potions
 e - a potion of haste
 g - 2 potions of curing
 i - a potion of might
 k - a potion of heal wounds {unknown}
 m - a potion of berserk rage {unknown}

Dungeon Overview and Level Annotations

Branches:
Dungeon (6/15)             Temple (0/1) D:4

Altars:
Gozag
Kikubaaqudgha
Nemelex Xobeh
Okawaru
Trog
Uskayaw
Yredelemnul
The Shining One


Message History

The kobold brigand looks even sicker.
The kobold brigand is almost dead.
The kobold brigand hits you with a +0 short sword.
You shoot an arrow. The arrow hits the kobold brigand!
The arrow burns the kobold brigand.
You kill the kobold brigand!
Okawaru accepts your kill.
You shoot an arrow. The arrow hits the orc warrior.
The arrow burns the orc warrior.
The orc warrior is lightly wounded.
You hear the rapid rusting of a very distant drain.
The orc warrior closely misses you.
You shoot an arrow.
The arrow hits the orc warrior but does no damage.
The orc warrior is lightly wounded.
You shoot an arrow.
The arrow hits the orc warrior but does no damage.
The orc warrior is lightly wounded.
You have got your breath back.
The orc warrior hits you with a +0 scimitar!
4756 ||| INVOKING Spit Poison.
Aiming: Spit Poison (1% risk of failure)
Press: ? - help, Shift-Dir - straight line, f/p - orc warrior The splash of poison hits the orc warrior.
The orc warrior is lightly wounded.
You feel like a meek peon again.
4757 ||| INVOKING Heroism.
You gain the combat prowess of a mighty hero.
The orc warrior closely misses you.
You shoot an arrow.
The arrow barely misses the orc warrior.
You hear the drain falling apart.
The orc warrior hits you with a +0 scimitar!
The orc warrior completely misses you.
You shoot an arrow. The arrow hits the orc warrior!
The arrow burns the orc warrior.
The orc warrior is heavily wounded.
The orc warrior hits you with a +1 war axe of electrocution!
You are electrocuted!
You die... ## .. #. ...#.#### #..sJoo################ ##..##@.....>...##..... ooK

###.....##..'..... .
#.......)##.....
#........##..###
######.....##.###..##
#..........##.# ##..#
#.####.....##.####<..
#####.#.##........
#...............##


You could see 2 orc warriors, a scorpion and a jelly.

Vanquished Creatures
  A troll (D:6)
  A slime creature (D:6)
  A water moccasin (D:6)
  A black bear (D:6)
  An ice beast (D:5)
  An ogre (D:5)
  A phantom (D:5)
  A kobold brigand (D:6)
  5 scorpions
  A hound (D:5)
  5 jellies (D:6)
  4 iguanas
  2 orc wizards (D:3)
  5 gnolls
  8 adders
  A shadow imp (D:5)
  A white imp (D:6)
  An ufetubus (D:5)
  3 worms
  3 dart slugs
  4 orcs
  5 bats
  11 endoplasms
  3 giant cockroaches
  10 goblins
  8 hobgoblins
  4 ball pythons
  4 frilled lizards
  12 kobolds
  4 rats
112 creatures vanquished.

Notes
Turn   | Place    | Note
-------+----------+-------------------------------------------
     0 | D:1      | qw the Naga Hunter began the quest for the Orb.
     0 | D:1      | Reached XP level 1. HP: 19/19 MP: 1/1
     0 | D:1      | 0 ||| qw: Version: 0.2-a-122-gbc61b45
     0 | D:1      | 0 ||| qw: Game counter: 3578
     0 | D:1      | 0 ||| qw: Always use a shield: true
     0 | D:1      | 0 ||| qw: God list: Okawaru
     0 | D:1      | 0 ||| qw: Allow faded altars: false
     0 | D:1      | 0 ||| qw: Do Orc after D:15 true
     0 | D:1      | 0 ||| qw: Do second Lair branch before Depths: true
     0 | D:1      | 0 ||| qw: Lair rune preference: random
     0 | D:1      | 0 ||| qw: Plans: Normal
     0 | D:1      | 0 ||| PLANNING D:1-11
    53 | D:1      | 53 ||| INVOKING Spit Poison.
   105 | D:1      | 105 ||| INVOKING Spit Poison.
   133 | D:1      | 133 ||| INVOKING Spit Poison.
   328 | D:1      | 328 ||| INVOKING Spit Poison.
   329 | D:1      | Reached skill level 4 in Ranged Weapons
   329 | D:1      | Reached XP level 2. HP: 26/26 MP: 2/2
   391 | D:1      | 391 ||| INVOKING Spit Poison.
   521 | D:1      | 521 ||| INVOKING Spit Poison.
   592 | D:1      | 592 ||| INVOKING Spit Poison.
   838 | D:1      | 838 ||| UPGRADING to +0 pair of gloves.
   843 | D:1      | 843 ||| DRINKING 2 bubbling golden potions.
   844 | D:1      | 844 ||| DROPPING scroll of butterflies.
   845 | D:1      | 845 ||| DROPPING potion of attraction.
   921 | D:2      | 921 ||| INVOKING Spit Poison.
   927 | D:2      | 927 ||| INVOKING Spit Poison.
   981 | D:2      | 981 ||| INVOKING Spit Poison.
   992 | D:2      | 992 ||| INVOKING Spit Poison.
   993 | D:2      | 993 ||| INVOKING Spit Poison.
  1009 | D:2      | 1009 ||| INVOKING Spit Poison.
  1013 | D:2      | Reached XP level 3. HP: 32/32 MP: 3/3
  1015 | D:2      | 1015 ||| INVOKING Spit Poison.
  1022 | D:2      | 1022 ||| FLEEEEING.
  1023 | D:2      | 1023 ||| INVOKING Spit Poison.
  1048 | D:2      | 1048 ||| INVOKING Spit Poison.
  1068 | D:2      | 1068 ||| INVOKING Spit Poison.
  1069 | D:2      | 1069 ||| INVOKING Spit Poison.
  1136 | D:2      | 1136 ||| INVOKING Spit Poison.
  1147 | D:2      | 1147 ||| INVOKING Spit Poison.
  1151 | D:2      | Reached skill level 5 in Ranged Weapons
  1151 | D:2      | Reached XP level 4. HP: 39/39 MP: 4/4
  1162 | D:2      | 1162 ||| INVOKING Spit Poison.
  1163 | D:2      | 1163 ||| INVOKING Spit Poison.
  1187 | D:2      | 1187 ||| INVOKING Spit Poison.
  1192 | D:2      | 1192 ||| INVOKING Spit Poison.
  1280 | D:2      | 1280 ||| INVOKING Spit Poison.
  1316 | D:2      | Identified the +0 robe of Nakhop {Str+6 Int-4 Dex+5}
  1567 | D:2      | 1567 ||| INVOKING Spit Poison.
  1573 | D:2      | 1573 ||| INVOKING Spit Poison.
  1577 | D:2      | 1577 ||| INVOKING Spit Poison.
  1625 | D:2      | 1625 ||| INVOKING Spit Poison.
  1641 | D:2      | 1641 ||| UPGRADING to +0 robe of Nakhop {Str+6 Int-4
                  | Dex+5}.
  1651 | D:2      | 1651 ||| DROPPING +0 leather armour.
  1652 | D:2      | 1652 ||| UPGRADING to amulet of reflection.
  1657 | D:2      | 1657 ||| READING scroll labelled CAALAERGH YKAU.
  1690 | D:3      | 1690 ||| INVOKING Spit Poison.
  1714 | D:3      | Found a sparkling altar of Nemelex Xobeh.
  1714 | D:3      | Found a hide-covered altar of Uskayaw.
  1768 | D:3      | 1768 ||| INVOKING Spit Poison.
  1769 | D:3      | Reached skill level 3 in Fighting
  1833 | D:3      | 1833 ||| INVOKING Spit Poison.
  1859 | D:3      | 1859 ||| INVOKING Spit Poison.
  1929 | D:3      | Found a faded altar of an unknown god.
  1950 | D:3      | 1950 ||| INVOKING Spit Poison.
  1952 | D:3      | Reached XP level 5. HP: 49/49 MP: 5/5
  1954 | D:3      | 1954 ||| INVOKING Spit Poison.
  1959 | D:3      | 1959 ||| INVOKING Spit Poison.
  1962 | D:3      | 1962 ||| INVOKING Spit Poison.
  2064 | D:3      | 2064 ||| INVOKING Spit Poison.
  2068 | D:3      | 2068 ||| INVOKING Spit Poison.
  2189 | D:3      | 2189 ||| INVOKING Spit Poison.
  2218 | D:3      | Found an iron altar of Okawaru.
  2219 | D:3      | 2219 ||| PLANNING OKAWARU WORSHIP
  2219 | D:3      | 2219 ||| DROPPING amulet of the acrobat.
  2220 | D:3      | 2220 ||| READING scroll labelled YKKUKH CEBURID.
  2221 | D:3      | 2221 ||| READING scroll labelled GULAWITTARR.
  2222 | D:3      | 2222 ||| READING 3 scrolls labelled ZYDAEXTY ADWA.
  2223 | D:3      | 2223 ||| READING scroll labelled KAP DOIMEPP.
  2224 | D:3      | 2224 ||| READING scroll labelled BEROWA JAUBBO.
  2225 | D:3      | 2225 ||| DRINKING 2 sedimented ruby potions.
  2268 | D:3      | 2268 ||| DROPPING 2 scrolls of magic mapping.
  2269 | D:3      | 2269 ||| DROPPING potion of lignification.
  2274 | D:3      | Became a worshipper of Warmaster Okawaru
  2274 | D:3      | 2274 ||| PLANNING D:1-11
  2297 | D:3      | 2297 ||| Stepping ~*~*~tactically~*~*~ (outnumbered).
  2298 | D:3      | 2298 ||| INVOKING Spit Poison.
  2305 | D:3      | 2305 ||| INVOKING Spit Poison.
  2311 | D:3      | 2311 ||| INVOKING Spit Poison.
  2655 | D:3      | 2655 ||| READING scroll labelled VOTIBB YBACITI.
  2690 | D:4      | 2690 ||| INVOKING Spit Poison.
  2701 | D:4      | 2701 ||| INVOKING Spit Poison.
  2703 | D:4      | Reached XP level 6. HP: 56/56 MP: 6/6
  2705 | D:4      | 2705 ||| INVOKING Spit Poison.
  2707 | D:4      | Reached skill level 6 in Ranged Weapons
  2736 | D:4      | 2736 ||| INVOKING Spit Poison.
  2746 | D:4      | 2746 ||| READING scroll of enchant weapon.
  2746 | D:4      | 2746 ||| ENCHANTING +1 shortbow of flaming.
  2760 | D:4      | 2760 ||| INVOKING Spit Poison.
  2811 | D:4      | Found a staircase to the Ecumenical Temple.
  2824 | D:4      | Found an opulent altar of Gozag.
  2906 | D:4      | 2906 ||| INVOKING Spit Poison.
  2908 | D:4      | Reached * piety under Okawaru
  2935 | D:4      | 2935 ||| INVOKING Spit Poison.
  2950 | D:4      | 2950 ||| INVOKING Spit Poison.
  3048 | D:4      | 3048 ||| UPGRADING to +1 helmet of intelligence.
  3053 | D:4      | 3053 ||| DRINKING 2 fuming clear potions.
  3054 | D:4      | 3054 ||| READING 4 scrolls of identify.
  3054 | D:4      | 3054 ||| IDENTIFYING fizzy emerald potion
  3055 | D:4      | 3055 ||| READING 3 scrolls of identify.
  3055 | D:4      | 3055 ||| IDENTIFYING fuming pink potion
  3056 | D:4      | 3056 ||| READING 2 scrolls of identify.
  3056 | D:4      | 3056 ||| IDENTIFYING amethyst potion
  3057 | D:4      | 3057 ||| DROPPING potion of enlightenment.
  3066 | D:4      | 3066 ||| STAIRDANCE
  3179 | D:4      | 3179 ||| STAIRDANCE
  3180 | D:3      | Found a bloodstained altar of Trog.
  3208 | D:4      | 3208 ||| INVOKING Spit Poison.
  3209 | D:4      | Reached skill level 1 in Invocations
  3209 | D:4      | Reached XP level 7. HP: 64/64 MP: 7/7
  3209 | D:4      | Found a glowing golden altar of the Shining One.
  3293 | D:5      | Entered Level 5 of the Dungeon
  3303 | D:5      | 3303 ||| INVOKING Heroism.
  3304 | D:5      | 3304 ||| INVOKING Spit Poison.
  3308 | D:5      | 3308 ||| INVOKING Spit Poison.
  3414 | D:5      | 3414 ||| INVOKING Spit Poison.
  3463 | D:5      | 3463 ||| INVOKING Spit Poison.
  3469 | D:5      | Reached skill level 3 in Invocations
  3469 | D:5      | 3469 ||| INVOKING Spit Poison.
  3475 | D:5      | 3475 ||| INVOKING Spit Poison.
  3478 | D:5      | 3478 ||| INVOKING Heroism.
  3483 | D:5      | Reached skill level 7 in Ranged Weapons
  3631 | D:5      | 3631 ||| INVOKING Spit Poison.
  3635 | D:5      | 3635 ||| INVOKING Spit Poison.
  3640 | D:5      | 3640 ||| INVOKING Spit Poison.
  3717 | D:5      | Found an ancient bone altar of Kikubaaqudgha.
  3729 | D:5      | Reached XP level 8. HP: 72/72 MP: 9/11
  3785 | D:5      | 3785 ||| INVOKING Spit Poison.
  3842 | D:5      | 3842 ||| INVOKING Spit Poison.
  4192 | D:5      | 4192 ||| DROPPING +1 robe of willpower.
  4193 | D:5      | 4193 ||| DROPPING ring of magical power.
  4194 | D:5      | 4194 ||| READING 2 scrolls of identify.
  4194 | D:5      | 4194 ||| IDENTIFYING murky cyan potion
  4195 | D:5      | 4195 ||| DROPPING potion of degeneration.
  4214 | D:6      | 4214 ||| PLANNING SEWER
  4288 | D:6      | Found a basalt altar of Yredelemnul.
  4330 | D:6      | 4330 ||| INVOKING Spit Poison.
  4334 | D:6      | 4334 ||| INVOKING Spit Poison.
  4359 | D:6      | 4359 ||| INVOKING Spit Poison.
  4370 | D:6      | 4370 ||| INVOKING Heroism.
  4381 | D:6      | 4381 ||| DROPPING amulet of guardian spirit.
  4389 | D:6      | 4389 ||| INVOKING Heroism.
  4399 | D:6      | Reached skill level 8 in Ranged Weapons
  4483 | D:6      | Noticed a slime creature
  4484 | D:6      | 4484 ||| INVOKING Heroism.
  4498 | D:6      | Killed a slime creature
  4499 | D:6      | Reached skill level 3 in Dodging
  4499 | D:6      | 4499 ||| Stepping ~*~*~tactically~*~*~ (outnumbered).
  4726 | D:6      | 4726 ||| INVOKING Heroism.
  4727 | D:6      | 4727 ||| INVOKING Spit Poison.
  4728 | D:6      | Noticed a troll
  4732 | D:6      | 4732 ||| Stepping ~*~*~tactically~*~*~ (outnumbered).
  4734 | D:6      | 4734 ||| INVOKING Spit Poison.
  4741 | D:6      | Killed a troll
  4741 | D:6      | Reached ** piety under Okawaru
  4742 | D:6      | Reached XP level 9. HP: 49/82 MP: 10/12
  4742 | D:6      | 4742 ||| INVOKING Spit Poison.
  4746 | D:6      | 4746 ||| INVOKING Spit Poison.
  4751 | D:6      | 4751 ||| INVOKING Spit Poison.
  4756 | D:6      | 4756 ||| INVOKING Spit Poison.
  4757 | D:6      | 4757 ||| INVOKING Heroism.
  4758 | D:6      | HP: 17/82 [orc warrior/+0 scimitar (15)]
  4759 | D:6      | Slain by an orc warrior

Levels and vault maps discovered:
D:1:      matt_arrival_los_fun, layout_basic, feat_on_display
D:2:      minmay_recursive_quarters, layout_basic
D:3:      layout_loops_cross, marbit_many_paths, nicolae_overflow_hidden_temple,
          hellmonk_ecumenical_altar_arch_garden
D:4:      layout_loops_ring, tso_altar, kennysheep_little_box, temple_pool_b
D:5:      layout_loops_ring, mainiacjoe_overflow_tiny_flanked
D:6:      cheibrodos_fertilizer, layout_basic, overflow_temple_1_default,
          cheibrodos_sewer_entry_bend, minmay_manual_moon

Skill      XL: |  1  2  3  4  5  6  7  8 |
---------------+-------------------------+-----
Ranged Weapons | 4 5 6 7 8 |  8.3
Fighting       | 3 4 5 |  5.9
Dodging        | 2 3 |  3.5
Invocations    | 1 4 |  4.1
Stealth        | |  1.5

Action                     |  1- 3 |  4- 6 |  7- 9 || total
---------------------------+-------+-------+-------++-------
   Fire: Shortbow          |    40 |    81 |   141 ||   262
 Invoke: Heroism           |       |       |     7 ||     7
Ability: Spit Poison       |    18 |    31 |    20 ||    69
    Use: Potion            |     1 |     2 |       ||     3
         Scroll            |       |    11 |     1 ||    12
 Armour: Leather armour    |     1 |     4 |       ||     5
         Robe              |       |     4 |    16 ||    20
  Dodge: Dodged            |     3 |    24 |    28 ||    55
  Block: Other             |       |     2 |    15 ||    17

Table legend:
 A = Non-vault XP
 B = Vault XP
 C = Vault XP percentage of total XP
 D = Non-vault monster count
 E = Vault monster count
 F = Vault count percentage of total count
                 A         B        C        D         E       F
            +---------+---------+-------+---------+---------+-------
      Total |    1460 |    1038 |  41.6 |      81 |      31 |  27.7
            +---------+---------+-------+---------+---------+-------
        D:1 |      15 |       0 |   0.0 |      10 |       0 |   0.0
        D:2 |      81 |      29 |  26.4 |      20 |       8 |  28.6
        D:3 |     170 |      14 |   7.6 |      19 |       1 |   5.0
        D:4 |     339 |       0 |   0.0 |      16 |       0 |   0.0
        D:5 |     698 |       0 |   0.0 |      14 |       0 |   0.0
        D:6 |     157 |     995 |  86.4 |       2 |      22 |  91.7
            +---------+---------+-------+---------+---------+-------
